 Dungeon Crawl Stone Soup version 0.25.1-8-g42b30a86e7 (webtiles) character file.

Game seed: 4094505405849469943

68 hawla the Conjurer (level 4, 0/33 HPs)
             Began as a Draconian Conjurer on Dec 4, 2020.
             Slain by a goblin (4 damage)
             ... on level 3 of the Dungeon.
             The game lasted 00:04:49 (2379 turns).

hawla the Conjurer (Draconian Conjurer)             Turns: 2379, Time: 00:04:50

Health: 0/33       AC:  5    Str: 11    XL:     4   Next: 1%
Magic:  10/10      EV: 12    Int: 16    God:
Gold:   72         SH:  0    Dex: 11    Spells: 4/11 levels left

rFire    . . .     SeeInvis .   (no weapon)
rCold    . . .     Gourm    .   (no shield)
rNeg     . . .     Faith    .   (armour unavailable)
rPois    .         Spirit   .   (helmet restricted)
rElec    .         Reflect  .   (no cloak)
rCorr    .         Harm     .   (no gloves)
MR       .....                  (no boots)
Stlth    ++........             (no amulet)
HPRegen  0.11/turn              (no ring)
MPRegen  0.12/turn              (no ring)

@: no status effects
A: unfitting armour, cold-blooded, AC +5
a: no special abilities


You were on level 3 of the Dungeon.
You were not hungry.

You visited 1 branch of the dungeon, and saw 3 of its levels.

You collected 72 gold pieces.

Inventory:

Missiles
 a - 28 poisoned darts (quivered)
Jewellery
 i - an uncursed ring of protection from fire {unknown}
 j - an uncursed ring of positive energy {unknown}
 l - a +4 ring of evasion {unknown}
 n - an uncursed ring of positive energy {unknown}
Scrolls
 c - a scroll of enchant weapon {unknown}
 f - 2 scrolls of remove curse
 g - a scroll of teleportation
 k - 2 scrolls of random uselessness {unknown}
Potions
 e - 2 potions of heal wounds {unknown}
 h - a potion of degeneration {unknown}
 m - a potion of lignification {unknown}
Comestibles
 b - 2 rations
 d - 2 chunks of flesh


   Skills:
 - Level 1.7 Dodging
 - Level 1.7 Stealth
 + Level 4.0 Spellcasting
 - Level 4.0 Conjurations
 * Level 0.0 Translocations


You had 4 spell levels left.
You knew the following spells:

 Your Spells              Type           Power        Failure   Level  Hunger
a - Magic Dart            Conj           ###.         3%          1    None
b - Searing Ray           Conj           ###...       4%          2    ##.....
c - Iskenderun's Mystic   Conj/Tloc      #.......     58%         4    ####...

Your spell library contained the following spells:

 Spells                   Type           Power        Failure   Level  Hunger
 Dazzling Flash           Conj/Hex       #.....       22%         3    ###....
 Fulminant Prism          Conj/Hex       #.........   58%         4    ####...


Dungeon Overview and Level Annotations

Branches:
Dungeon (3/15)

Altars:
Trog


Innate Abilities, Weirdness & Mutations

Your plain brown scales are hard. (AC +5)
You cannot fit into any form of body armour.
You are cold-blooded and may be slowed by cold attacks.


Message History

You start resting.
HP restored.
This spell is potentially lethal to cast!
Memorise Iskenderun's Mystic Blast, consuming 4 spell levels and leaving 4?
You start memorising the spell.
You continue memorising. x4
You finish memorising.
Spell assigned to 'c'.
You climb downwards.
The orc wizard mumbles some strange words.
The orc wizard blinks!
The orc hits you with a +0 dagger. The goblin barely misses you.
The orc priest mumbles some strange prayers to Beogh against you.
Beogh smites you!
Ouch! That really hurt!
The orc wizard points at you and mumbles some strange words.
The magic dart hits you!
* * * LOW HITPOINT WARNING * * *
The orc misses you.
There is a stone staircase leading up, spattered with blood here.
The goblin hits you.
You die...

## # #. #
.## #.
.#ยง...
#.##...#
####.#g..)#
.......@.#
.....o.o...#
.###.#.....#
# #....?#
.oo...#
##.....#
#.....#
#.....#


You could see an orc priest, an orc wizard, 2 orcs and a goblin.

Vanquished Creatures
  2 adders (D:2)
  A dart slug (D:1)
  A leopard gecko (D:1)
  2 orcs (D:2)
  A ball python (D:2)
  5 bats
  2 giant cockroaches (D:1)
  4 goblins
  6 hobgoblins
  4 jackals (D:1)
  5 kobolds
  3 frilled lizards (D:1)
  6 rats
42 creatures vanquished.

Notes
Turn   | Place    | Note
-------+----------+-------------------------------------------
     0 | D:1      | hawla the Draconian Conjurer began the quest for the Orb.
     0 | D:1      | Reached XP level 1. HP: 14/14 MP: 3/3
   201 | D:1      | Reached XP level 2. HP: 20/20 MP: 0/5
   430 | D:1      | Learned a level 2 spell: Searing Ray
   797 | D:1      | Reached XP level 3. HP: 26/26 MP: 4/7
  1753 | D:2      | Found a bloodstained altar of Trog.
  2240 | D:2      | Reached XP level 4. HP: 18/33 MP: 3/10
  2377 | D:2      | Learned a level 4 spell: Iskenderun's Mystic Blast
  2379 | D:3      | Slain by a goblin

Illustrated notes

Levels and vault maps discovered:
D:1:      mainiacjoe_arrival_reflecting_pool, layout_loops_ring
D:2:      layout_loops_corners, bloody_trog
D:3:      layout_rooms

Skill      XL: |  1  2  3 |
---------------+----------+-----
Spellcasting   | 3 4 |  4.0
Dodging        | |  1.7
Stealth        | |  1.7
Conjurations   | |  4.0

Action                   |  1- 3 |  4- 6 || total
-------------------------+-------+-------++-------
Melee: Unarmed           |    35 |       ||    35
       Tailslap          |     7 |       ||     7
 Cast: Magic Dart        |    47 |       ||    47
       Searing Ray       |    14 |     1 ||    15
  Use: Scroll            |     3 |       ||     3
  Eat: Chunk             |     5 |       ||     5
Armor: Skin              |     9 |       ||     9
Dodge: Dodged            |    33 |     2 ||    35
